maxine, chaotic female human Rogue ---- ---- |..| ---..| |..| |....---- |.-- |.......| |.| |..--...-- |.| -------....| |.| - ---.----.....--- |.| . --....--........| |.| ---.| |..<....[.......| --.| |.G. |.............------.[-----@- ---...............)).^...f.[| --...........-----)....----- |............-- |...--- --............| |-..| ----........-- |..-| |.......-- |...| ---......-- |.*.| |...--.--- ----- |..----- ---- maxine the Cutpurse Experience level: 5 Strength: 15 Dexterity: 18 Constitution: 13 Intelligence: 12 Wisdom: 10 Charisma: 8 Health: 0(35) Energy: 23(23) Def: 3 Gold: 26 Moves: 1590 Dungeon seed: 42To4MvZTLLrkOVp Game ID: maxine_1532969849 Your Inventory: Coins $ - 26 gold pieces Weapons a - an uncursed +0 elven dagger named Sharptooth (weapon in hand) b - 11 uncursed +0 daggers (in quiver) t - an uncursed +1 dagger named nc v - 10 uncursed +0 darts C - 4 uncursed +0 arrows D - an uncursed +0 bow H - 4 uncursed +0 daggers L - an uncursed +1 dagger Armor e - an uncursed +1 leather armor (being worn) y - an uncursed +0 dwarvish cloak (being worn) z - an uncursed +0 dwarvish cloak K - a cursed -2 dwarvish cloak M - a cursed -1 dwarvish cloak N - an uncursed +0 pair of iron shoes Comestibles h - 4 uncursed lichen corpses o - 2 uncursed food rations O - an uncursed sprig of wolfsbane Scrolls J - an uncursed scroll of remove curse Wands A - an uncursed wand of fire (0:7) Tools g - an uncursed blindfold k - an uncursed lock pick w - 8 blessed tallow candles (0:200) B - an uncursed sack E - 8 uncursed tallow candles (0:200) F - a cursed tallow candle (0:200) I - 2 uncursed wax candles (0:400) Gems n - an uncursed worthless piece of green glass q - 3 uncursed worthless pieces of yellowish brown glass r - 2 uncursed worthless pieces of blue glass Y - an uncursed worthless piece of violet glass Contents of the sack: 510 gold pieces an uncursed amulet versus poison named cursed an uncursed +0 short sword an uncursed potion of gain energy an uncursed potion of hallucination an uncursed potion of sickness an uncursed ring of see invisible an uncursed wand of secret door detection (0:9) Spells and supernatural/magical abilities: Name Level Category Fail Memory W - pray for help -- divine ? -- Your skills at the end: Fighting Skills Weapon Skills dagger [Skilled] short sword [Basic] Spellcasting Skills Final Attributes: You were piously aligned. You were stealthy. You are dead. Vanquished creatures: a fog cloud 2 gnome lords 2 gnomish wizards 5 dwarves a coyote 2 hobbits a large kobold 3 giant rats 15 gnomes a gecko 4 jackals a goblin 6 lichens 3 newts 47 creatures vanquished. Voluntary challenges: You were an atheist. You used a wielded weapon 68 times, starting on turn 1. You read items or engraved 2 times, starting on turn 642. You never genocided any monsters. You never polymorphed an object. You never changed form. You used no wishes. You never split a pudding. You wrote Elbereth's name 1 time, starting on turn 642. You never violated your personal moral code. Dungeon overview: The Dungeons of Doom: levels 1 to 4 Level 1 a long staircase Level 2 a fountain Level 3 some fountains stairs to The Gnomish Mines Level 4 The Gnomish Mines: levels 4 to 5 Level 4 stairs to The Dungeons of Doom Level 5 <- You were here History has recorded: On T:1 you entered the Dungeons of Doom to retrieve the Amulet of Yendor! On T:119 you reached level 2 of The Dungeons of Doom. On T:315 you reached level 3 of The Dungeons of Doom. On T:397 you advanced to experience level 2. On T:426 you reached level 1 of The Gnomish Mines. On T:536 you reached level 4 of The Dungeons of Doom. On T:643 you advanced to experience level 3. On T:1107 you reached level 2 of The Gnomish Mines. On T:1154 you advanced to experience level 4. On T:1363 you advanced to experience level 5. Score breakdown: Gold: 536 ( 9286 points) Experience: 5 levels (11141 points) Exploration: 5 levels ( 10.00%) ( 8571 points) Discoveries: 2 items ( 0.67%) ( 2457 points) Valuables value: (no points given unless you survive) Artifact value: 0 ( 0 points) Variety of kills: 14 monsters ( 3.67%) ( 5750 points) Turncount: 1590 turns ( 0 points) Survival: died (score multiplied by 80%) Total score: 29764 Latest messages: The dwarf thrusts his dagger. The dwarf hits! You kill the dwarf! There are several objects here. You have a little trouble lifting L - a dagger. You have a little trouble lifting M - a hooded cloak. You have a little trouble lifting O - a sprig of wolfsbane. You are beginning to feel hungry. Trouble eats a dwarf corpse. You hit the gnome lord. Trouble picks up a pair of hard shoes. The gnome lord hits! Trouble drops a pair of hard shoes. You hit the gnome lord. The gnome lord hits! You hit the gnome lord. Trouble picks up a pair of hard shoes. You write in the dust with your fingers. Trouble drops a pair of hard shoes. The gnome lord hits! (2x) You die... Final status: Goodbye maxine the Rogue, killed by a gnome lord... You died in The Gnomish Mines on dungeon level 5 with 29764 points, and 536 pieces of gold, after 1590 moves. You were level 5 with a maximum of 35 hit points when you died.